 Dungeon Crawl Stone Soup version 0.27-a0-328-g7f782ed93a (webtiles) character file.

Game seed: 13462750527181804300

273 Notrik the Fighter (level 6, 0/61 HPs)
             Began as a Hill Orc Monk on Feb 11, 2021.
             Was a Believer of Beogh.
             Slain by Eustachio
             ... wielding a +0 rapier of speed
              (2 damage)
             ... on level 4 of the Dungeon.
             The game lasted 00:07:54 (3561 turns).

Notrik the Fighter (Hill Orc Monk)                  Turns: 3561, Time: 00:07:55

Health: 0/61       AC:  7    Str: 16    XL:     6   Next: 24%
Magic:  6/6        EV: 11    Int: 10    God:    Beogh [**....]
Gold:   133        SH:  0    Dex: 13    Spells: 5/5 levels left

rFire    . . .     SeeInvis .   c - +2 dagger (elec)
rCold    . . .     Faith    .   (no shield)
rNeg     . . .     Spirit   .   i - +0 ring mail
rPois    .         Reflect  .   h - +0 helmet
rElec    .         Harm     .   (no cloak)
rCorr    .         Rampage  .   g - +0 pair of gloves
Will     .....                  (no boots)
Stlth    +.........             (no amulet)
HPRegen  0.20/turn              (no ring)
MPRegen  0.10/turn              (no ring)

@: no status effects
A: no striking features
a: Renounce Religion, Smiting


You were on level 4 of the Dungeon.
You worshipped Beogh.
Beogh was pleased with you.
You visited 1 branch of the dungeon, and saw 4 of its levels.

You collected 133 gold pieces.

Inventory:

Hand Weapons
 a - a +0 hand axe
 c - a +2 dagger of electrocution (weapon)
Armour
 b - a +0 robe
 g - a +0 pair of gloves (worn)
 h - a +0 helmet (worn)
 i - a +0 ring mail (worn)
Jewellery
 k - a ring of positive energy {unknown}
Scrolls
 e - 2 scrolls of identify {unknown}
 f - a scroll of fog {unknown}
 j - a scroll of immolation {unknown}
 l - a scroll of noise {unknown}
 m - a scroll of amnesia {unknown}
 o - a scroll of teleportation {unknown}
 r - a scroll of enchant armour {unknown}
Potions
 d - 2 potions of berserk rage {unknown}
 n - a potion of lignification {unknown}
 p - a potion of degeneration {unknown}
 q - a potion of attraction {unknown}


   Skills:
 * Level 8.0 Fighting
 - Level 4.1 Axes
 - Level 2.6 Dodging
 - Level 1.6 Stealth


You had 5 spell levels left.
You didn't know any spells.
Your spell library was empty.

Dungeon Overview and Level Annotations

Branches:
Dungeon (4/15)
 Temple: D:4-7

Altars:
Kikubaaqudgha
Yredelemnul

Annotations:
D:4 1 transporter, Eustachio, Ijyb, Menkaure


Message History

The orc priest mumbles some strange prayers to Beogh against you.
Beogh smites you!
* * * LOW HITPOINT WARNING * * *
Things that are here:
a +0 leather armour; a +0 club The quasit misses you. x3
You don't know any spells.
You don't know any spells.
You don't know any spells.
You don't know any spells.
You don't know any spells.
The quasit disappears in a puff of smoke!
You hear some strange, mumbled words.
You are confused.
You bump into the rock wall.
Eustachio mumbles some strange words.
You feel less confused.
Eustachio gestures wildly while chanting.
Eustachio blinks!
Eustachio mumbles some strange words.
The orc priest invokes the aid of Beogh against you.
Beogh smites you!
* * * LOW HITPOINT WARNING * * *
The bat disappears in a puff of smoke!
Eustachio casts a spell.
Eustachio blinks!
You miss Eustachio. Eustachio hits you but does no damage.
You hit Eustachio.
Eustachio is lightly wounded.
Eustachio hits you but does no damage. The rat bites you.
* * * LOW HITPOINT WARNING * * *
Eustachio gestures wildly while chanting.
Eustachio blinks!
The rat barely misses you. Eustachio barely misses you.
You closely miss Eustachio.
Eustachio is lightly wounded.
Eustachio yells, "Perjured traitor, DIE!"
Eustachio hits you with a +0 rapier of speed.
You die...

......#####).)@..)#####
#....# .?....# #...###[#
#....# ......+.......#
#@# #....##
......#######.# #.#
#....## ......# .># #.#
#....## ......#
#########.# #....##
......# #...@.rro.#
#....## ####+##
#.#################....##
#.orr..r@@............†..
#########################


You could see Eustachio, an orc priest, a river rat (summoned), a quokka
(summoned) and a rat (summoned).

Vanquished Creatures
  An orc priest (D:4)
  Jessica (D:2)
  2 orc wizards
  4 adders
  An ooze (D:1)
  4 worms
  A dart slug (D:1)
  16 orcs
  7 bats
  7 giant cockroaches
  14 goblins
  7 hobgoblins
  8 jackals
  7 kobolds
  2 ball pythons
  3 frilled lizards
  12 rats
97 creatures vanquished.

Notes
Turn   | Place    | Note
-------+----------+-------------------------------------------
     0 | D:1      | Notrik the Hill Orc Monk began the quest for the Orb.
     0 | D:1      | Reached XP level 1. HP: 19/19 MP: 1/1
   147 | D:1      | Reached XP level 2. HP: 26/27 MP: 2/2
   189 | D:1      | Reached skill level 4 in Fighting
   489 | D:1      | Reached XP level 3. HP: 25/34 MP: 3/3
   871 | D:1      | Reached skill level 5 in Fighting
  1395 | D:2      | Noticed Jessica
  1417 | D:2      | Killed Jessica
  1418 | D:2      | Reached XP level 4. HP: 27/44 MP: 4/4
  1911 | D:2      | Reached skill level 6 in Fighting
  2581 | D:3      | Reached XP level 5. HP: 48/51 MP: 5/5
  2822 | D:3      | Reached skill level 7 in Fighting
  2843 | D:3      | Became a worshipper of Beogh the Brigand
  2843 | D:3      | Reached * piety under Beogh
  2843 | D:3      | Reached ** piety under Beogh
  3466 | D:4      | Reached XP level 6. HP: 55/61 MP: 6/6
  3502 | D:4      | Found a basalt altar of Yredelemnul.
  3502 | D:4      | Noticed Ijyb
  3502 | D:4      | Noticed Menkaure
  3503 | D:4      | Found an ancient bone altar of Kikubaaqudgha.
  3508 | D:4      | Noticed Eustachio
  3509 | D:4      | Found a transporter.
  3518 | D:4      | Reached skill level 8 in Fighting
  3550 | D:4      | HP: 1/61 [orc priest/divine providence (12)]
  3558 | D:4      | HP: 2/61 [rat[Eustachio] (1)]
  3561 | D:4      | Slain by Eustachio

Illustrated notes

Levels and vault maps discovered:
D:1:      ebering_trefoil_twist, layout_basic
D:2:      layout_basic, uniq_jessica
D:3:      layout_basic, minmay_misc_feat_tiny, wad_orctagon
D:4:      layout_basic, gammafunk_temple_of_torment, uniq_ijyb, uniq_eustachio

Skill      XL: |  1  2  3  4  5  6 |
---------------+-------------------+-----
Fighting       | 4 5 6 7 8 |  8.0
Axes           | |  4.1
Dodging        | |  2.6
Stealth        | |  1.6

Action                   |  1- 3 |  4- 6 || total
-------------------------+-------+-------++-------
Melee: Hand axe          |     7 |       ||     7
       Dagger            |   104 |   200 ||   304
Invok: Convert to Beogh  |       |     1 ||     1
 Stab: Sleeping          |     3 |     1 ||     4
Armor: Robe              |    15 |     2 ||    17
       Ring mail         |       |    87 ||    87
Dodge: Dodged            |    74 |   105 ||   179

Table legend: (Time is in decaauts)
 A = Elapsed time spent in this place.
 B = Non-inter-level travel time spent in this place.
 C = Inter-level travel time spent in this place.
 D = Time resting spent in this place.
 E = Time spent auto-exploring this place.
 F = Levels seen in this place.
 G = Mean time per level.
                   A        B        C        D        E       F      G
               +--------+--------+--------+--------+--------+-----+--------+
         Total |   3566 |   3440 |    126 |     99 |   2620 |   4 |  891.5 |
       Dungeon |   3566 |   3440 |    126 |     99 |   2620 |   4 |  891.5 |
               +--------+--------+--------+--------+--------+-----+--------+

Top non-repeatable levels by time:
     D:1: 1393 daAuts
     D:2: 1050 daAuts
     D:3: 891 daAuts
     D:4: 230 daAuts
